 Dungeon Crawl Stone Soup version 0.29.0-5-ge4962eb29e (webtiles) character file.

Game seed: 5562031154908291539

5324 Anothat the Blocker (level 10, -3/83 HPs)
             Began as a Gnoll Fighter on Aug 28, 2022.
             Was a Follower of Makhleb.
             Slain by a five-headed hydra (11 damage)
             ... on level 8 of the Dungeon.
             The game lasted 00:19:16 (9781 turns).

Anothat the Blocker (Gnoll Fighter)                 Turns: 9781, Time: 00:19:16

Health: -3/83      AC: 20    Str: 25    XL:     10   Next: 64%
Magic:  21/21      EV:  9    Int: 14    God:    Makhleb [*.....]
Gold:   551        SH:  6    Dex: 12    Spells: 19/21 levels left

rFire   . . .      SeeInvis +   C - +0 morningstar (vamp)
rCold   + . .      Faith    .   c - +0 buckler
rNeg    . . .      Spirit   .   o - +1 plate armour {rC+}
rPois   .          Reflect  .   u - +0 helmet {SInv}
rElec   .          Harm     .   l - +2 cloak
rCorr   .          Rampage  .   (no gloves)
Will    .....                   (no boots)
Stlth   ..........              (no amulet)
HPRegen 0.23/turn               d - +6 ring of strength
MPRegen 0.17/turn               r - +6 ring of intelligence

@: no status effects
A: fangs 1, strong nose, distributed training, high MP 1, sense surroundings 2
a: Renounce Religion


You were on level 8 of the Dungeon.
You worshipped Makhleb.
Makhleb was aware of your devotion.
You visited 2 branches of the dungeon, and saw 9 of its levels.
You also visited: Sewer and Bailey.

You collected 551 gold pieces.

Inventory:

Hand Weapons
 a - a +1 war axe of freezing
 m - a +2 short sword of draining
 s - a +0 shortbow
 C - a +0 vampiric morningstar (weapon)
Armour
 c - a +0 buckler (worn)
 l - a +2 cloak (worn)
 o - a +1 plate armour of cold resistance (worn)
 u - a +0 helmet of see invisible (worn)
Jewellery
 d - a +6 ring of strength (left hand)
 n - a +4 ring of protection
 r - a +6 ring of intelligence (right hand)
Wands
 b - a wand of digging (3)
 j - a wand of roots (9)
 y - a wand of mindburst (13)
Scrolls
 e - 6 scrolls of teleportation
 h - 2 scrolls of poison
 k - a scroll of noise
 p - 4 scrolls of fear
 q - 3 scrolls of identify
 t - a scroll of silence
 x - a scroll of fog
Potions
 f - a potion of resistance
 g - 2 potions of degeneration
 i - a potion of heal wounds
 v - 2 potions of lignification
 z - 2 potions of cancellation
 A - a potion of haste {unknown}
 B - a potion of berserk rage {unknown}


   Skills:
 + Level 9.2 Fighting
 + Level 6.3 Short Blades
 + Level 6.3 Long Blades
 + Level 7.9 Axes
 + Level 6.3 Maces & Flails
 + Level 6.3 Polearms
 + Level 6.3 Staves
 + Level 6.3 Ranged Weapons
 + Level 6.3 Throwing
 + Level 9.2 Armour
 + Level 6.3 Dodging
 + Level 6.3 Stealth
 + Level 9.2 Shields
 + Level 6.3 Unarmed Combat
 + Level 6.3 Spellcasting
 + Level 5.3 Conjurations
 + Level 5.3 Hexes
 + Level 5.3 Summonings
 + Level 5.3 Necromancy
 + Level 5.3 Translocations
 + Level 5.3 Transmutations
 + Level 5.3 Fire Magic
 + Level 5.3 Ice Magic
 + Level 5.3 Air Magic
 + Level 5.3 Earth Magic
 + Level 5.3 Poison Magic
 + Level 7.0 Invocations
 + Level 6.3 Evocations


You had 19 spell levels left.
You knew the following spells:

 Your Spells              Type           Power      Damage    Failure   Level
a - Scorch                Fire           38%        2d7       34%         2

Your spell library contained the following spells:

 Spells                   Type           Power      Damage    Failure   Level
 Apportation              Tloc           38%        N/A       24%         1
 Blink                    Tloc           38%        N/A       34%         2
 Static Discharge         Conj/Air       19%        3-6/arc   34%         2
 Conjure Flame            Conj/Fire      19%        6-21      56%         3
 Ignite Poison            Fire/Tmut/Pois 19%        N/A       56%         3
 Dispel Undead            Necr           19%        3d11      93%         4
 Flame Wave               Conj/Fire      19%        2d7       93%         4
 Sticky Flame             Conj/Fire      19%        2d4       93%         4
 Alistair's Intoxication  Tmut/Pois      12%        N/A       100%        5
 Manifold Assault         Tloc           19%        N/A       100%        5
 Summon Cactus Giant      Summ           9%         N/A       100%        6
 Storm Form               Tmut/Air       9%         N/A       100%        7


Dungeon Overview and Level Annotations

Branches:
Dungeon (8/15)             Temple (1/1) D:5           Sewer (visited)
 Bailey (visited)
   Lair: D:8-11

Altars:
Ashenzari
Cheibriados
Elyvilon
Gozag
Makhleb
Nemelex Xobeh
Okawaru
Qazlal
Ru
Trog
Uskayaw
Wu Jian
Xom
The Shining One

Shops:
D:1 !   D:7 (

Annotations:
D:3 1 runed translucent door, Crazy Yiuf


Innate Abilities, Weirdness & Mutations

You have very sharp teeth.
Your uncanny sense of smell can sniff out nearby items.
Your experience applies equally to all skills.
You have an increased reservoir of magic. (+10% MP)
You passively map the area around you.


Message History

The five-headed hydra bites you but does no damage.
The five-headed hydra bites you.
The five-headed hydra bites you but does no damage.
The five-headed hydra bites you.
You block the five-headed hydra's attack.
The five-headed hydra barely misses you.
The five-headed hydra bites you. x2
You hit the five-headed hydra. You bite the five-headed hydra.
The five-headed hydra is severely wounded.
The five-headed hydra bites you.
The five-headed hydra bites you but does no damage.
You block the five-headed hydra's attack.
The five-headed hydra bites you but does no damage.
The five-headed hydra barely misses you.
You barely miss the five-headed hydra.
The five-headed hydra is severely wounded.
The five-headed hydra bites you but does no damage.
The five-headed hydra bites you!
You block the five-headed hydra's attack. x2
The five-headed hydra bites you but does no damage.
You hit the five-headed hydra.
You feel better.
You bite the five-headed hydra.
The five-headed hydra is severely wounded.
The five-headed hydra bites you!
You block the five-headed hydra's attack.
The five-headed hydra bites you but does no damage. x2
The five-headed hydra closely misses you.
You barely miss the five-headed hydra.
The five-headed hydra is severely wounded.
You block the five-headed hydra's attack.
The five-headed hydra bites you but does no damage.
The five-headed hydra bites you.
* * * LOW HITPOINT WARNING * * *
The five-headed hydra bites you but does no damage. x2
You block the five-headed hydra's attack. x2
The five-headed hydra bites you.
* * * LOW HITPOINT WARNING * * *
The five-headed hydra bites you!
* * * LOW HITPOINT WARNING * * *
The five-headed hydra bites you!
You die...

,,**,*,* ########.##.## #.
,,**,*,* #........##.#####
****,*,* #.######.##......
,***,*,***#######.###############
,,,,,,,,,,.......[)..............
,,,,*****,.######.#....#.########
,,,,* **,,,* #.#.##.#.#.......
,,,,****####.####.#..#.#.#.......
,,,,,,,,#......D@.#...<#.#.......
~,,,***,#.###..#######.#.#.......
~,,,,**,*,.............#.#.......
,,,,,**,#..###.#########.#.......
,,,,,**,#.,,,..,,,,,,,,..#.......
,,,,,**,.,,**##,###.######.######
,,,,,*****,,,,,,........##.#
,,,,,,,,,,,*****....###..#.#
********,*,*,,,*.*,** ##...######


You could see a five-headed hydra.

Vanquished Creatures
  An orc knight (Bailey)
  A hornet (D:8)
  Sigmund (D:3)
  A steam dragon (D:8)
  8 orc warriors (Bailey)
  4 black bears
  Pargi (Sewer)
  An ice beast (D:7)
  2 ogres
  A centaur (D:4)
  A phantom (D:5)
  3 bullfrogs
  4 necrophages
  4 scorpions
  7 wights
  4 howler monkeys (D:7)
  4 quasits (D:5)
  A gnoll bouda (D:5)
  2 orc priests
  4 hounds
  A jelly (D:5)
  Terence (D:2)
  3 orc wizards
  An iguana (D:6)
  6 gnolls
  10 adders
  6 shadow imps
  11 white imps
  6 ufetubi
  2 worms (D:2)
  3 dart slugs
  20 orcs
  12 ball pythons
  7 bats
  5 endoplasms
  5 giant cockroaches
  2 goblins
  5 hobgoblins
  10 jackals
  4 kobolds
  6 quokkas
  A frilled lizard (D:2)
  5 rats
187 creatures vanquished.

Vanquished Creatures (others)
  An orc wizard (D:4)
  3 demonic plants (D:5)
4 creatures vanquished.

Grand Total: 191 creatures vanquished

Notes
Turn   | Place    | Note
-------+----------+-------------------------------------------
     0 | D:1      | Anothat the Gnoll Fighter began the quest for the Orb.
     0 | D:1      | Reached XP level 1. HP: 23/23 MP: 1/1
    33 | D:1      | Reached XP level 2. HP: 24/29 MP: 2/2
   319 | D:1      | Found Zoraxkim's Distillery.
   345 | D:1      | Reached XP level 3. HP: 35/35 MP: 3/3
   714 | D:2      | Reached skill level 1 in Invocations
   833 | D:2      | Reached skill level 1 in Short Blades
   833 | D:2      | Reached skill level 1 in Long Blades
   833 | D:2      | Reached skill level 1 in Maces & Flails
   833 | D:2      | Reached skill level 1 in Polearms
   833 | D:2      | Reached skill level 1 in Staves
   833 | D:2      | Reached skill level 1 in Ranged Weapons
   833 | D:2      | Reached skill level 1 in Throwing
   833 | D:2      | Reached skill level 1 in Dodging
   833 | D:2      | Reached skill level 1 in Stealth
   833 | D:2      | Reached skill level 1 in Unarmed Combat
   833 | D:2      | Reached skill level 1 in Spellcasting
   833 | D:2      | Reached skill level 1 in Evocations
  1079 | D:2      | Reached XP level 4. HP: 41/41 MP: 5/5
  1265 | D:2      | Reached skill level 1 in Conjurations
  1265 | D:2      | Reached skill level 1 in Hexes
  1265 | D:2      | Reached skill level 1 in Summonings
  1265 | D:2      | Reached skill level 1 in Necromancy
  1265 | D:2      | Reached skill level 1 in Translocations
  1265 | D:2      | Reached skill level 1 in Transmutations
  1265 | D:2      | Reached skill level 1 in Fire Magic
  1265 | D:2      | Reached skill level 1 in Ice Magic
  1265 | D:2      | Reached skill level 1 in Air Magic
  1265 | D:2      | Reached skill level 1 in Earth Magic
  1265 | D:2      | Reached skill level 1 in Poison Magic
  1309 | D:2      | Noticed Terence
  1319 | D:2      | Killed Terence
  1471 | D:2      | Reached XP level 5. HP: 44/45 MP: 7/7
  1836 | D:3      | Found a stormy altar of Qazlal.
  1899 | D:3      | Noticed Sigmund
  1905 | D:3      | Killed Sigmund
  1906 | D:3      | Reached skill level 5 in Axes
  1906 | D:3      | Reached XP level 6. HP: 53/53 MP: 7/9
  1979 | D:3      | Found a faded altar of an unknown god.
  1983 | D:3      | Found an opulent altar of Gozag.
  2021 | D:3      | Found a faded altar of an unknown god.
  2324 | D:3      | Found a runed translucent door.
  2325 | D:3      | Noticed Crazy Yiuf
  2927 | D:4      | Reached XP level 7. HP: 40/60 MP: 10/10
  3218 | D:4      | Found a white marble altar of Elyvilon.
  3350 | D:4      | Found a glowing drain.
  3389 | Sewer    | Entered a sewer
  3414 | Sewer    | Noticed Pargi
  3425 | Sewer    | Killed Pargi
  4254 | D:4      | Reached skill level 5 in Short Blades
  4254 | D:4      | Reached skill level 5 in Long Blades
  4254 | D:4      | Reached skill level 5 in Maces & Flails
  4254 | D:4      | Reached skill level 5 in Polearms
  4254 | D:4      | Reached skill level 5 in Staves
  4254 | D:4      | Reached skill level 5 in Ranged Weapons
  4254 | D:4      | Reached skill level 5 in Throwing
  4254 | D:4      | Reached skill level 5 in Dodging
  4254 | D:4      | Reached skill level 5 in Stealth
  4254 | D:4      | Reached skill level 5 in Unarmed Combat
  4254 | D:4      | Reached skill level 5 in Spellcasting
  4254 | D:4      | Reached skill level 5 in Invocations
  4254 | D:4      | Reached skill level 5 in Evocations
  4254 | D:4      | Reached XP level 8. HP: 69/69 MP: 11/16
  4333 | D:5      | Entered Level 5 of the Dungeon
  4448 | D:5      | Reached XP level 9. HP: 36/75 MP: 17/17
  5153 | D:5      | Found a staircase to the Ecumenical Temple.
  5350 | Temple   | Entered the Ecumenical Temple
  5390 | Temple   | Became a worshipper of Makhleb the Destroyer
  5606 | D:5      | Found a sacrificial altar of Ru.
  5612 | D:5      | Found a bloodstained altar of Trog.
  6272 | D:6      | Found a snail-covered altar of Cheibriados.
  6414 | D:6      | Found a shimmering altar of Xom.
  7157 | D:7      | Found a flagged portal.
  7203 | D:7      | Reached XP level 10. HP: 69/83 MP: 18/18
  7236 | Bailey   | Entered a bailey
  7237 | Bailey   | Gained mutation: You are frail. (-10% HP) [potion of
                  | mutation]
  7237 | Bailey   | Gained mutation: Your muscles are strong. (Str +4, Int/Dex
                  | -1) [potion of mutation]
  7238 | Bailey   | Lost mutation: You are frail. (-10% HP) [potion of
                  | mutation]
  7238 | Bailey   | Lost mutation: Your muscles are strong. (Str +4, Int/Dex
                  | -1) [potion of mutation]
  7238 | Bailey   | Gained mutation: Your body sometimes deteriorates upon
                  | taking damage. [potion of mutation]
  7239 | Bailey   | Lost mutation: Your body sometimes deteriorates upon taking
                  | damage. [potion of mutation]
  7239 | Bailey   | Gained mutation: You sometimes lose your temper in combat.
                  | [potion of mutation]
  7239 | Bailey   | Gained mutation: You have hidden genetic potential. [potion
                  | of mutation]
  7240 | Bailey   | Lost mutation: You sometimes lose your temper in combat.
                  | [potion of mutation]
  7240 | Bailey   | Lost mutation: You have hidden genetic potential. [potion
                  | of mutation]
  7240 | Bailey   | Gained mutation: You have an increased reservoir of magic.
                  | (+10% MP) [potion of mutation]
  7240 | Bailey   | Gained mutation: You passively map a small area around you.
                  | [potion of mutation]
  7240 | Bailey   | Gained mutation: You passively map the area around you.
                  | [potion of mutation]
  7317 | Bailey   | Reached skill level 5 in Conjurations
  7317 | Bailey   | Reached skill level 5 in Hexes
  7317 | Bailey   | Reached skill level 5 in Summonings
  7317 | Bailey   | Reached skill level 5 in Necromancy
  7317 | Bailey   | Reached skill level 5 in Translocations
  7317 | Bailey   | Reached skill level 5 in Transmutations
  7317 | Bailey   | Reached skill level 5 in Fire Magic
  7317 | Bailey   | Reached skill level 5 in Ice Magic
  7317 | Bailey   | Reached skill level 5 in Air Magic
  7317 | Bailey   | Reached skill level 5 in Earth Magic
  7317 | Bailey   | Reached skill level 5 in Poison Magic
  7584 | Bailey   | Learned a level 2 spell: Scorch
  7894 | Bailey   | Reached * piety under Makhleb
  8165 | Bailey   | Noticed an orc knight
  8182 | Bailey   | Killed an orc knight
  8387 | D:7      | Found a broken altar of Ashenzari.
  8717 | D:7      | Found Nyimpitsi's Firing Range.
  8747 | D:7      | Found a sparkling altar of Nemelex Xobeh.
  9240 | D:8      | Found an iron altar of Okawaru.
  9766 | D:8      | Noticed a five-headed hydra
  9781 | D:8      | Slain by a five-headed hydra

Illustrated notes

Levels and vault maps discovered:
D:1:      eino_arrival_druids_welcome, layout_basic, serial_corexii_hall,
          corexii_hall_statues_i, chequers_hall_statues_corner_a, serial_shops,
          nicolae_shop_hallway_stairs, serial_bayou_crossing
D:2:      kennysheep_six_static_rooms, layout_basic, minmay_indecisive_spiral,
          uniq_terence
D:3:      layout_loops_cross, nicolae_overflow_ecumenical_swirl,
          mainiacjoe_overflow_brackets, basic_ecumenical_altar,
          kennysheep_cross_room, uniq_sigmund, uniq_crazy_yiuf_cottage
D:4:      layout_loops_ring, elyvilon_altar_3, gup_sewer_entry_glass,
          minmay_small_thing
D:5:      layout_rooms, mainiacjoe_overflow_big_doors,
          minmay_temple_entry_arrows, serial_demonic, serial_demonic_e,
          serial_demonic_f, serial_demonic_d, serial_demonic_f,
          serial_demonic_d, serial_demonic_c
D:6:      layout_basic, lemuel_doored_altar, mainiacjoe_overflow_chevrons,
          lightli_corner_chamber
D:7:      layout_basic, mainiacjoe_overflow_tiny_flanked, nemelex_altar_shiori,
          enter_bailey_8, nicolae_shop_firing_range
D:8:      layout_basic, vehumet_statue,
          mainiacjoe_overflow_concentric_impassable, serial_glass,
          glass_columns_a, glass_columns_b
Temple:   nicolae_temple_bog_church

Skill      XL: |  1  2  3  4  5  6  7  8  9 10 |
---------------+-------------------------------+-----
Invocations    | 1 2 5 6 7 |  7.0
Short Blades   | 1 2 5 6 |  6.3
Long Blades    | 1 2 5 6 |  6.3
Maces & Flails | 1 2 5 6 |  6.3
Polearms       | 1 2 5 6 |  6.3
Staves         | 1 2 5 6 |  6.3
Ranged Weapons | 1 2 5 6 |  6.3
Throwing       | 1 2 5 6 |  6.3
Dodging        | 1 2 5 6 |  6.3
Stealth        | 1 2 5 6 |  6.3
Unarmed Combat | 1 2 5 6 |  6.3
Spellcasting   | 1 2 5 6 |  6.3
Evocations     | 1 2 5 6 |  6.3
Conjurations   | 1 4 5 |  5.3
Hexes          | 1 4 5 |  5.3
Summonings     | 1 4 5 |  5.3
Necromancy     | 1 4 5 |  5.3
Translocations | 1 4 5 |  5.3
Transmutations | 1 4 5 |  5.3
Fire Magic     | 1 4 5 |  5.3
Ice Magic      | 1 4 5 |  5.3
Air Magic      | 1 4 5 |  5.3
Earth Magic    | 1 4 5 |  5.3
Poison Magic   | 1 4 5 |  5.3
Axes           | 5 7 |  7.9
Fighting       | 7 8 9 |  9.2
Armour         | 7 8 9 |  9.2
Shields        | 7 8 9 |  9.2

Action                   |  1- 3 |  4- 6 |  7- 9 | 10-12 || total
-------------------------+-------+-------+-------+-------++-------
Melee: War axe           |    97 |    93 |   343 |   150 ||   683
       Bite              |    15 |     7 |    39 |    13 ||    74
       Morningstar       |       |       |       |    12 ||    12
Throw: Throwing net      |       |       |       |     1 ||     1
Evoke: Wand              |       |       |     4 |    10 ||    14
  Use: Scroll            |     2 |     2 |    10 |     6 ||    20
       Potion            |       |     1 |     1 |     8 ||    10
 Stab: Sleeping          |       |       |     1 |       ||     1
Armor: Scale mail        |    63 |    47 |   259 |    24 ||   393
       Plate armour      |       |       |       |    57 ||    57
Dodge: Dodged            |    43 |    63 |   277 |    64 ||   447
Block: Buckler           |    30 |    37 |   132 |    62 ||   261
